 Dungeon Crawl Stone Soup version 0.31.0-32-g396128a36d (webtiles) character file.

Game seed: 13605844083653942748

199 tizbic2 the Changeling (level 5, -13/26 HPs)
             Began as a Vine Stalker Shapeshifter on Mar 25, 2024.
             Was an Initiate of Gozag.
             Succumbed to a kobold brigand's curare-tipped dart
             ... in a sewer.
             The game lasted 00:08:03 (2305 turns).

tizbic2 the Changeling (Vine Stalker Shapeshifter)  Turns: 2305, Time: 00:08:04

Health: -13/26     AC:  7    Str: 19    XL:     5   Next: 77%
Magic:  1/7        EV: 11    Int: 10    God:    Gozag
Gold:   359        SH:  4    Dex: 13    Spells: 6/6 levels left

rFire   + . .        g - +3 Elemental Staff {ele, rElec rF+ rC+ AC+3}
rCold   + . .        r - +0 buckler
rNeg    . . .        s - +2 robe
rPois   .            (helmet currently unavailable)
rElec   +            (cloak currently unavailable)
rCorr   .            (gloves currently unavailable)
SInv    .            (boots currently unavailable)
Will    .....        (no amulet)
Stlth   +            (no ring)
HPRegen 1.04/turn    (no ring)
MPRegen 0.10/turn

%: guardian spirit
@: lethally poisoned (-13 -> -38), beast-form, slowed, very slow
A: beast (slay +2), fangs 2, regeneration 1, magic shield, antimagic bite, no
potion heal 2
a: Begin Untransformation, Renounce Religion, Potion Petition, Call Merchant,
Bribe Branch


You were in a sewer.
You worshipped Gozag.
Gozag was aware of your devotion.
You were a hulking beast.
You visited 1 branch of the dungeon, and saw 3 of its levels.
You also visited: Sewer.

You collected 382 gold pieces.
You paid 23 gold pieces to Gozag.

Inventory:

Hand Weapons
 g - the +3 Elemental Staff (weapon) {ele, rElec rF+ rC+ AC+3}
   (You acquired it on level 2 of the Dungeon)

   AC+3:      It affects your AC (+3).
   rF+:       It protects you from fire.
   rC+:       It protects you from cold.
   rElec:     It insulates you from electricity.
 u - a +0 vampiric dagger
Missiles
 a - 8 poisoned darts
 i - 2 boomerangs (quivered)
Armour
 r - a +0 buckler (worn)
 s - a +2 robe (worn)
Talismans
 c - a beast talisman
 d - a flux talisman
Scrolls
 e - 2 scrolls of enchant armour
 f - a scroll of revelation {unknown}
 n - a scroll of vulnerability {unknown}
 o - a scroll of enchant weapon {unknown}
Potions
 b - 2 potions of lignification
 h - a potion of ambrosia {unknown}
 j - a potion of haste {unknown}
 k - a potion of cancellation
 l - a potion of degeneration {unknown}
 m - 3 potions of curing
 p - a potion of enlightenment {unknown}
 q - 2 potions of invisibility
 t - a potion of magic {unknown}


   Skills:
 + Level 2.2 Fighting
 * Level 1.6 Staves
 - Level 1.7 Dodging
 - Level 3.5 Unarmed Combat
 + Level 1.1 Spellcasting
 * Level 1.5 Evocations
 + Level 4.0 Shapeshifting


You had 6 spell levels left.
You didn't know any spells.
Your spell library was empty.

Dungeon Overview and Level Annotations

Branches:
Dungeon (3/15)              Sewer (1/1)

Altars:
Gozag


Innate Abilities, Weirdness & Mutations

You are a hulking beast.
Your limbs bulge with bestial killing power. (Slay +2)
You have extremely sharp teeth.
Your natural rate of healing is unusually fast.
When hurt, damage is shared between your health and your magic reserves.
Your bite disrupts and absorbs the magic of your enemies.
Potions cannot restore your health.


Message History

You barely miss the kobold. Your bite misses the kobold.
The kobold hits you but does no damage.
You barely miss the kobold. You bite the kobold.
You kill the kobold!
You hear a splash.
You barely miss the kobold. You closely miss the kobold. You bite the kobold.
You kill the kobold!
You hear a splash.
You now have 359 gold pieces (gained 13).
Things that are here:
a +0 club; a +0 vampiric dagger
u - a +0 vampiric dagger The kobold throws a stone.
The stone hits you but does no damage.
The kobold throws a stone.
The stone hits you.
The kobold throws a stone.
The stone closely misses you.
You see here a +0 whip.
The kobold throws a stone.
The stone hits you.
The kobold brigand throws a curare-tipped dart.
The curare-tipped dart hits you.
You are poisoned.
You have difficulty breathing.
You feel yourself slow down.
The kobold throws a poisoned dart.
The poisoned dart hits you!
You are more poisoned.
The kobold throws a stone.
The stone barely misses you.
You enter the shallow water.
Moving in this stuff is going to be slow.
You feel extremely sick.
The kobold throws a stone.
The stone closely misses you.
The kobold throws a poisoned dart.
The poisoned dart closely misses you.
The kobold brigand throws a curare-tipped dart.
The curare-tipped dart hits you.
You are lethally poisoned!
You have difficulty breathing.
* * * LOW HITPOINT WARNING * * *
You feel as though you will be slow longer.
The kobold throws a stone.
The stone closely misses you.
Ouch! That really hurt!
You die...
Your body crumbles into a pile of gold.

##.###..~....~..#
.......~~~~~~~..# .
~~~~~~~KKK~≈≈≈~.#..
≈≈≈≈≈≈≈≈≈≈≈≈≈≈~~..K
~~~≈~~~~~~~≈≈≈~.#
.....~~~..~~~~..#
#####~~..K~~.~.#
##~######### #h#
#~# #~# #~# #)# #~#
#~# #~# #~#


You could see 3 kobolds.

Vanquished Creatures
  A kobold brigand (Sewer)
  3 river rats (Sewer)
  2 adders (D:2)
  2 ribbon worms
  4 orcs (D:3)
  8 bats
  6 endoplasms
  6 giant cockroaches
  7 goblins
  7 hobgoblins
  2 jackals (Sewer)
  4 kobolds
  3 quokkas
  3 ball pythons
  5 frilled lizards
  6 rats
69 creatures vanquished.

Notes
Turn   | Place    | Note
-------+----------+-------------------------------------------
     0 | D:1      | tizbic2 the Vine Stalker Shapeshifter began the quest for
                  | the Orb.
     0 | D:1      | Reached XP level 1. HP: 9/9 MP: 2/2
    48 | D:1      | Reached skill level 1 in Fighting
   128 | D:1      | Reached XP level 2. HP: 14/14 MP: 3/3
   453 | D:1      | Reached XP level 3. HP: 18/18 MP: 4/4
  1217 | D:2      | Found an opulent altar of Gozag.
  1235 | D:2      | Became a worshipper of Gozag Ym Sagoz the Greedy
  1387 | D:2      | Reached XP level 4. HP: 5/23 MP: 2/5
  1444 | D:2      | Identified a scroll of acquirement
  1444 | D:2      | Acquired the +3 Elemental Staff {ele, rElec rF+ rC+ AC+3}
  1444 | D:2      | Found the +3 Elemental Staff {ele, rElec rF+ rC+ AC+3}
  1835 | D:3      | Found a faded altar of an unknown god.
  2167 | D:3      | Found a glowing drain.
  2171 | Sewer    | Entered a sewer
  2180 | Sewer    | Reached skill level 1 in Staves
  2182 | Sewer    | Reached XP level 5. HP: 21/26 MP: 4/6
  2189 | Sewer    | Reached skill level 1 in Evocations
  2236 | Sewer    | Noticed a kobold brigand
  2264 | Sewer    | Killed a kobold brigand
  2265 | Sewer    | Reached skill level 1 in Spellcasting
  2265 | Sewer    | Reached skill level 4 in Shapeshifting
  2276 | Sewer    | Noticed a kobold brigand
  2304 | Sewer    | HP: 1/26 [asphyx]
  2305 | Sewer    | Succumbed to a kobold brigand's curare-tipped dart

Illustrated notes

Levels and vault maps discovered:
D:1:      onia_arrival_pyramid, layout_loops_ring
D:2:      layout_loops_corners, basic_altar, bh_walls_and_bars
D:3:      layout_basic, gup_sewer_entry_bowl, dilly_ecumenical_altar_fadedgnrine
Sewer:    sewer_kobolds

Skill      XL: |  1  2  3  4  5 |
---------------+----------------+-----
Fighting       | 1 2 |  2.2
Staves         | 1 |  1.6
Evocations     | 1 |  1.5
Spellcasting   | 1 |  1.1
Shapeshifting  | 4 |  4.0
Dodging        | |  1.7
Unarmed Combat | |  3.5

Action                     |  1- 3 |  4- 6 || total
---------------------------+-------+-------++-------
  Melee: Unarmed           |    63 |       ||    63
         Bite              |    18 |    15 ||    33
         Mace              |     7 |       ||     7
         Rapier            |    18 |       ||    18
         Punch             |     1 |       ||     1
         Staff             |       |   103 ||   103
  Throw: Throwing net      |       |     1 ||     1
    Use: Scroll            |       |     8 ||     8
   Stab: Sleeping          |     1 |     2 ||     3
         Distracted        |       |     1 ||     1
 Armour: Animal skin       |    58 |    21 ||    79
         Robe              |       |    34 ||    34
  Dodge: Dodged            |    53 |    52 ||   105
  Block: Buckler           |     6 |    13 ||    19
